 Dungeon Crawl Stone Soup version 0.29-a0-823-gc37b1572da (webtiles) character file.

Game seed: 16180456518207807275

40 HoaS the Shooter (level 3, -5/21 HPs)
             Began as a Tengu Hunter on July 8, 2022.
             Slain by Terence
             ... wielding a +0 mace
              (6 damage)
             ... on level 1 of the Dungeon.
             The game lasted 00:02:29 (1259 turns).

HoaS the Shooter (Tengu Hunter)                     Turns: 1259, Time: 00:02:29

Health: -5/21      AC:  3    Str: 11    XL:     3   Next: 50%
Magic:  4/4        EV: 12    Int:  9    God:
Gold:   32         SH:  0    Dex: 19    Spells: 2/2 levels left

rFire   . . .      SeeInvis .   a - +0 shortbow
rCold   . . .      Faith    .   (shield currently unavailable)
rNeg    . . .      Spirit   .   c - +0 leather armour
rPois   .          Reflect  .   (helmet restricted)
rElec   .          Harm     .   (no cloak)
rCorr   .          Rampage  .   (no gloves)
Will    .....                   (boots unavailable)
Stlth   ++........              (no amulet)
HPRegen 0.07/turn               (no ring)
MPRegen 0.09/turn               (no ring)

@: no status effects
A: beak, talons 3
a: no special abilities


You were on level 1 of the Dungeon.
You visited 1 branch of the dungeon, and saw 2 of its levels.

You collected 32 gold pieces.

Inventory:

Hand Weapons
 a - a +0 shortbow (weapon)
Armour
 c - a +0 leather armour (worn)
Jewellery
 i - a ring of flight
Scrolls
 b - a scroll of immolation
 d - a scroll of magic mapping {unknown}
 e - 2 scrolls of teleportation {unknown}
 g - 2 scrolls of identify {unknown}
 h - a scroll of summoning {unknown}
 j - a scroll of amnesia {unknown}
Potions
 f - a potion of cancellation {unknown}


   Skills:
 - Level 2.0 Fighting
 * Level 5.7 Ranged Weapons
 - Level 2.1 Dodging
 - Level 1.0 Stealth


You had 2 spell levels left.
You didn't know any spells.
Your spell library was empty.

Dungeon Overview and Level Annotations

Branches:
Dungeon (2/15)

Altars:

Annotations:
D:1 Terence


Innate Abilities, Weirdness & Mutations

You have a beak for a mouth.
You have claws for feet.


Message History

Terence hits you with a +0 mace.
Fire: a) +0 shortbow
Press: ? - help, Q - select action Shift-Dir - straight line, f/p - Terence
Aim: Terence, wielding a +0 mace and wearing a +0 chain mail (moderately wounded, 71% to hit)
You shoot an arrow. The arrow barely misses Terence.
Terence barely misses you.
Fire: a) +0 shortbow
Press: ? - help, Q - select action Shift-Dir - straight line, f/p - Terence
Aim: Terence, wielding a +0 mace and wearing a +0 chain mail (moderately wounded, 71% to hit)
You shoot an arrow. The arrow hits Terence!
Terence is heavily wounded.
Terence hits you with a +0 mace. Terence barely misses you.
Fire: a) +0 shortbow
Press: ? - help, Q - select action Shift-Dir - straight line, f/p - Terence
Aim: Terence, wielding a +0 mace and wearing a +0 chain mail (heavily wounded, 71% to hit)
You shoot an arrow.
The arrow hits Terence but does no damage.
Terence is heavily wounded.
Terence shouts, "Now you die!" Terence barely misses you.
Fire: a) +0 shortbow
Press: ? - help, Q - select action Shift-Dir - straight line, f/p - Terence
Aim: Terence, wielding a +0 mace and wearing a +0 chain mail (heavily wounded, 71% to hit)
You shoot an arrow.
The arrow hits Terence but does no damage.
Terence is heavily wounded.
Terence hits you with a +0 mace!
* * * LOW HITPOINT WARNING * * *
Fire: a) +0 shortbow
Press: ? - help, Q - select action Shift-Dir - straight line, f/p - Terence
Aim: Terence, wielding a +0 mace and wearing a +0 chain mail (heavily wounded, 71% to hit)
You shoot an arrow. The arrow barely misses Terence.
Terence closely misses you.
Fire: a) +0 shortbow
Press: ? - help, Q - select action Shift-Dir - straight line, f/p - Terence
Aim: Terence, wielding a +0 mace and wearing a +0 chain mail (heavily wounded, 71% to hit)
You shoot an arrow. The arrow hits Terence!
Terence is almost dead.
Terence hits you with a +0 mace.
You die...

#.# #.#.>.....# #.# #.
#.# #.#.#.....# #.# #.
#.# #.#.#########.# #.
#.# #.#.........#.#
#####. #.#
#.#...........# #.....
#.# #.#.......#.###
#(.... #.#
#.#.....#.#.# #.....
##.########..###.#.#
#.....
#............@@..#.#
#.....
###########..#####.####
######' #..# #....#
#....#.
#..############.##.#.
#........#....#.##.#.
##.#####.#.#.##.##.#.
#..............##.#.
#...#.)...#.........
#.........########.#


You could see Terence.

Vanquished Creatures
  2 worms (D:2)
  A dart slug (D:1)
  A bat (D:1)
  4 endoplasms
  4 hobgoblins
  A jackal (D:1)
  A ball python (D:1)
  A frilled lizard (D:1)
  7 goblins
  4 kobolds
  6 rats
32 creatures vanquished.

Notes
Turn   | Place    | Note
-------+----------+-------------------------------------------
     0 | D:1      | HoaS the Tengu Hunter began the quest for the Orb.
     0 | D:1      | Reached XP level 1. HP: 12/12 MP: 2/2
   225 | D:1      | Reached XP level 2. HP: 17/17 MP: 3/3
   313 | D:1      | Reached skill level 5 in Ranged Weapons
   421 | D:1      | Found a faded altar of an unknown god.
   890 | D:2      | Noticed Terence
  1015 | D:2      | Reached XP level 3. HP: 21/21 MP: 4/4
  1257 | D:1      | HP: 1/21 [Terence/+0 mace (7)]
  1259 | D:1      | Slain by Terence

Illustrated notes

Levels and vault maps discovered:
D:1:      dpeg_arrival_brainrot, layout_basic,
          hellmonk_ecumenical_altar_inner_sanctum
D:2:      minmay_wonky_spiral, layout_rooms, basic_altar, serial_undead,
          serial_undead_b, serial_undead_d, serial_undead_e, serial_undead_d,
          minmay_shallow_snake_nest, uniq_natasha, uniq_terence

Skill      XL: |  1  2 |
---------------+-------+-----
Ranged Weapons | 5 |  5.7
Fighting       | |  2.0
Dodging        | |  2.1
Stealth        | |  1.0

Action                   || total
-------------------------++-------
 Fire: Shortbow          ||    87
Armor: Leather armour    ||     2
Dodge: Dodged            ||    27

Table legend: (Time is in decaauts)
 A = Elapsed time spent in this place.
 B = Non-inter-level travel time spent in this place.
 C = Inter-level travel time spent in this place.
 D = Time resting spent in this place.
 E = Time spent auto-exploring this place.
 F = Levels seen in this place.
 G = Mean time per level.
                   A        B        C        D        E       F      G
               +--------+--------+--------+--------+--------+-----+--------+
         Total |   1284 |   1136 |    148 |    265 |    674 |   2 |  642.0 |
       Dungeon |   1284 |   1136 |    148 |    265 |    674 |   2 |  642.0 |
               +--------+--------+--------+--------+--------+-----+--------+

Top non-repeatable levels by time:
     D:1: 991 daAuts
     D:2: 293 daAuts
